 Dungeon Crawl Stone Soup version 0.30.1-3-gfc49f6343a (webtiles) character file.

Game seed: 5399718110011318676

95 leafyfresh the Covert (level 4, -2/41 HPs)
             Began as a Gnoll Delver on Aug 4, 2023.
             Was an Initiate of Ashenzari.
             Slain by a goblin
             ... wielding a +3 dagger of holy wrath
             ... led by Robin
              (9 damage)
             ... on level 4 of the Dungeon.
             The game lasted 00:01:30 (606 turns).

leafyfresh the Covert (Gnoll Delver)                 Turns: 606, Time: 00:01:30

Health: -2/41      AC:  3    Str: 11    XL:     4   Next: 66%
Magic:  5/5        EV: 13    Int:  9    God:    Ashenzari [......]
Gold:   18         SH:  0    Dex: 16    Spells: 5/5 levels left

rFire   . . .        a - +0 short sword
rCold   . . .        (no shield)
rNeg    . . .        b - +0 leather armour
rPois   .            (no helmet)
rElec   .            (no cloak)
rCorr   .            (no gloves)
SInv    .            (no boots)
Will    .....        (no amulet)
Stlth   ++++         (no ring)
HPRegen 0.26/turn    (no ring)
MPRegen 0.09/turn

%: no passive effects
@: no status effects
A: fangs 1, strong nose, distributed training
a: Renounce Religion


You were on level 4 of the Dungeon.
You worshipped Ashenzari.
Ashenzari was noncommittal.
You visited 2 branches of the dungeon, and saw 3 of its levels.

You collected 18 gold pieces.

Inventory:

Hand Weapons
 a - a +0 short sword (weapon)
Armour
 b - a +0 leather armour (worn)
Wands
 g - a wand of digging (3)
Scrolls
 c - a scroll of fog
 d - a scroll of magic mapping
 e - a scroll of teleportation {unknown}
Potions
 h - a potion of heal wounds {unknown}


   Skills:
 + Level 6.6 Fighting
 + Level 4.7 Short Blades
 + Level 1.2 Long Blades
 + Level 1.2 Axes
 + Level 1.2 Maces & Flails
 + Level 1.2 Polearms
 + Level 1.2 Staves
 + Level 1.2 Ranged Weapons
 + Level 1.2 Throwing
 + Level 1.2 Armour
 + Level 4.7 Dodging
 + Level 9.6 Stealth
 + Level 1.2 Shields
 + Level 1.2 Unarmed Combat
 + Level 1.2 Spellcasting
 + Level 1.0 Conjurations
 + Level 1.0 Hexes
 + Level 1.0 Summonings
 + Level 1.0 Necromancy
 + Level 1.0 Translocations
 + Level 1.0 Transmutations
 + Level 1.0 Fire Magic
 + Level 1.0 Ice Magic
 + Level 1.0 Air Magic
 + Level 1.0 Earth Magic
 + Level 1.0 Poison Magic
 + Level 1.4 Invocations
 + Level 1.2 Evocations


You had 5 spell levels left.
You didn't know any spells.
Your spell library was empty.

Dungeon Overview and Level Annotations

Branches:
Dungeon (5/15)             Temple (1/1) D:5

Altars:
Ashenzari
Gozag
Hepliaklqana
Qazlal
Uskayaw
Vehumet
Wu Jian
Xom
The Shining One

Annotations:
D:4 Robin


Innate Abilities, Weirdness & Mutations

You have very sharp teeth.
Your uncanny sense of smell can sniff out nearby items.
Your experience applies equally to all skills.


Message History

The goblin is moderately wounded.
The hobgoblin barely misses you. The goblin barely misses you.
Things that are here:
a +0 dagger; a +0 dagger; a goblin corpse You hit the hobgoblin but do no damage.
The hobgoblin closely misses you.
You hit the hobgoblin but do no damage. The hobgoblin hits you.
Robin roars a battlecry!
The goblins go into a battle-frenzy!
You closely miss the hobgoblin.
You bite the hobgoblin, but do no damage.
You closely miss the hobgoblin.
The hobgoblin hits you but does no damage.
You hit the hobgoblin.
The hobgoblin is heavily wounded.
The hobgoblin hits you.
You barely miss the hobgoblin.
The hobgoblin is heavily wounded.
The hobgoblin closely misses you. Robin throws the goblin at you!
You hit the hobgoblin.
The hobgoblin is severely wounded.
The goblin hits you with a +3 dagger of holy wrath.
The hobgoblin hits you.
Unknown command.
You completely miss the hobgoblin.
The hobgoblin is severely wounded.
You hit the hobgoblin.
The hobgoblin is almost dead.
The hobgoblin closely misses you.
The goblin hits you with a +3 dagger of holy wrath.
You hit the hobgoblin but do no damage.
The hobgoblin is almost dead.
The hobgoblin hits you.
* * * LOW HITPOINT WARNING * * *
The goblin hits you with a +3 dagger of holy wrath.
* * * LOW HITPOINT WARNING * * *
Unknown command.
You hit the hobgoblin.
You kill the hobgoblin!
The goblin hits you with a +3 dagger of holy wrath!
You die...

###......#
#######.....##.# #
............##.# g..
............##.#######...#
............##.##..g..g...
............##.gg.........
.....<........g.#..g......
............###g####.#....
........#..## #@# .# ...
..#####.....# #g# # . ..##
#.#...###.#
#....##.#.......#
#........#####
#..####.###.###
#.....>........
......#####.#### ##... #.#


You could see Robin, a hobgoblin (strong) and 3 goblins.

Vanquished Creatures
  An ogre (D:5)
  An orc (D:5)
  An endoplasm (D:4)
  4 goblins (D:4)
  2 hobgoblins (D:4)
9 creatures vanquished.

Notes
Turn   | Place    | Note
-------+----------+-------------------------------------------
     0 | D:5      | Reached skill level 9 in Stealth
     0 | D:5      | leafyfresh the Gnoll Delver began the quest for the Orb.
     0 | D:5      | Reached XP level 1. HP: 23/23 MP: 1/1
    13 | D:5      | Found a staircase to the Ecumenical Temple.
    21 | D:5      | Noticed an ogre
    27 | Temple   | Entered the Ecumenical Temple
    36 | Temple   | Became a worshipper of Ashenzari the Shackled
    51 | D:5      | Killed an ogre
    52 | D:5      | Reached skill level 1 in Long Blades
    52 | D:5      | Reached skill level 1 in Axes
    52 | D:5      | Reached skill level 1 in Maces & Flails
    52 | D:5      | Reached skill level 1 in Polearms
    52 | D:5      | Reached skill level 1 in Staves
    52 | D:5      | Reached skill level 1 in Ranged Weapons
    52 | D:5      | Reached skill level 1 in Throwing
    52 | D:5      | Reached skill level 1 in Armour
    52 | D:5      | Reached skill level 1 in Shields
    52 | D:5      | Reached skill level 1 in Unarmed Combat
    52 | D:5      | Reached skill level 1 in Spellcasting
    52 | D:5      | Reached skill level 1 in Conjurations
    52 | D:5      | Reached skill level 1 in Hexes
    52 | D:5      | Reached skill level 1 in Summonings
    52 | D:5      | Reached skill level 1 in Necromancy
    52 | D:5      | Reached skill level 1 in Translocations
    52 | D:5      | Reached skill level 1 in Transmutations
    52 | D:5      | Reached skill level 1 in Fire Magic
    52 | D:5      | Reached skill level 1 in Ice Magic
    52 | D:5      | Reached skill level 1 in Air Magic
    52 | D:5      | Reached skill level 1 in Earth Magic
    52 | D:5      | Reached skill level 1 in Poison Magic
    52 | D:5      | Reached skill level 1 in Invocations
    52 | D:5      | Reached skill level 1 in Evocations
    52 | D:5      | Reached XP level 2. HP: 29/29 MP: 1/3
    52 | D:5      | Reached XP level 3. HP: 35/35 MP: 1/4
    52 | D:5      | Reached XP level 4. HP: 41/41 MP: 1/5
   206 | D:5      | Noticed a scorpion
   236 | D:5      | Noticed a black bear
   561 | D:4      | Noticed Robin
   606 | D:4      | Slain by a goblin

Illustrated notes

Levels and vault maps discovered:
D:4:      layout_loops_cross, uniq_edmund, uniq_robin
D:5:      layout_basic, minmay_temple_entry_arrows
Temple:   grunt_wide_crystal_templ

Skill      XL: |  1 |
---------------+----+-----
Stealth        | |  9.6
Long Blades    | 1 |  1.2
Axes           | 1 |  1.2
Maces & Flails | 1 |  1.2
Polearms       | 1 |  1.2
Staves         | 1 |  1.2
Ranged Weapons | 1 |  1.2
Throwing       | 1 |  1.2
Armour         | 1 |  1.2
Shields        | 1 |  1.2
Unarmed Combat | 1 |  1.2
Spellcasting   | 1 |  1.2
Conjurations   | 1 |  1.0
Hexes          | 1 |  1.0
Summonings     | 1 |  1.0
Necromancy     | 1 |  1.0
Translocations | 1 |  1.0
Transmutations | 1 |  1.0
Fire Magic     | 1 |  1.0
Ice Magic      | 1 |  1.0
Air Magic      | 1 |  1.0
Earth Magic    | 1 |  1.0
Poison Magic   | 1 |  1.0
Invocations    | 1 |  1.4
Evocations     | 1 |  1.2
Fighting       | |  6.6
Short Blades   | |  4.7
Dodging        | |  4.7

Action                     |  1- 3 |  4- 6 || total
---------------------------+-------+-------++-------
  Melee: Short sword       |     1 |    51 ||    52
         Bite              |       |     6 ||     6
         Punch             |       |     2 ||     2
    Use: Scroll            |       |     1 ||     1
         Potion            |       |     1 ||     1
   Stab: Sleeping          |     1 |     1 ||     2
 Armour: Leather armour    |       |     8 ||     8
  Dodge: Dodged            |       |    29 ||    29
